 Dungeon Crawl Stone Soup version 0.29.1-13-g9f3cf754e1 (webtiles) character file.

Game seed: 12104783149815137031

962 cowcol the Covered (level 7, -8/60 HPs)
             Began as a Minotaur Monk on Jan 30, 2023.
             Mangled by Duvessa
             ... wielding a +3 rapier
              (10 damage)
             ... on level 6 of the Dungeon.
             The game lasted 00:12:43 (6418 turns).

cowcol the Covered (Minotaur Monk)                  Turns: 6418, Time: 00:12:44

Health: -8/60      AC: 13    Str: 17    XL:     7   Next: 92%
Magic:  6/6        EV:  7    Int:  7    God:
Gold:   308        SH:  0    Dex: 15    Spells: 6/6 levels left

rFire   . . .      SeeInvis +   s - +7 quarterstaff of Ykiywun {flame, Dex+2}
rCold   . . .      Faith    .   (shield currently unavailable)
rNeg    . . .      Spirit   .   u - +0 plate armour
rPois   .          Reflect  .   (helmet restricted)
rElec   .          Harm     .   (no cloak)
rCorr   .          Rampage  .   (no gloves)
Will    .....                   (no boots)
Stlth   ..........              (no amulet)
HPRegen 0.20/turn               i - ring of see invisible
MPRegen 0.10/turn               (no ring)

@: invisible
A: horns 2, retaliatory headbutt
a: no special abilities


You were on level 6 of the Dungeon.
You visited 1 branch of the dungeon, and saw 6 of its levels.

You collected 308 gold pieces.

Inventory:

Hand Weapons
 a - a +0 hand axe
 g - a +0 short sword
 l - the +3 whip "Jorr" {protect, rC- rN+ Will+ Int+6}
   (You found it on level 2 of the Dungeon)

   It grants its wielder temporary protection when it strikes (+7 to AC).
   Int:       It affects your intelligence (+6).
   rC:        It makes you vulnerable to cold.
   rN:        It protects you from negative energy.
   Will:      It increases your willpower.
 m - a +0 dagger
 s - the +7 quarterstaff of Ykiywun (weapon) {flame, Dex+2}
   (You found it on level 3 of the Dungeon)

   It burns those it strikes, dealing additional fire damage.
   Dex:       It affects your dexterity (+2).
 w - a +0 war axe
Missiles
 n - 2 poisoned darts (quivered)
 q - a boomerang
Armour
 b - a +0 robe
 f - a +1 scale mail
 u - a +0 plate armour (worn)
 B - a +1 ring mail of fire resistance
Jewellery
 i - a ring of see invisible (left hand)
Wands
 r - a wand of iceblast (5)
Scrolls
 k - a scroll of identify
 o - 3 scrolls of teleportation
 p - a scroll of immolation
 v - a scroll of butterflies
 x - a scroll of magic mapping
 y - 3 scrolls of fear
Potions
 c - 2 potions of ambrosia
 d - 3 potions of might
 e - a potion of magic {unknown}
 h - a potion of flight {unknown}
 t - a potion of cancellation {unknown}
 z - a potion of haste {unknown}
 C - a potion of lignification {unknown}


   Skills:
 + Level 4.5 Fighting
 * Level 6.0 Axes
 - Level 0.2(4.5) Maces & Flails
 * Level 3.9 Staves
 + Level 0.4 Throwing
 * Level 7.4 Armour
 + Level 4.4 Dodging
 + Level 1.8 Stealth


You had 6 spell levels left.
You didn't know any spells.
Your spell library contained the following spells:

 Spells                   Type           Power      Damage    Failure   Level
 Scorch                   Fire           0%         2d5       100%        2
 Static Discharge         Conj/Air       0%         3-3/arc   100%        2
 Call Canine Familiar     Summ           0%         N/A       100%        3
 Gell's Gravitas          Tloc           0%         N/A       100%        3
 Portal Projectile        Hex/Tloc       0%         N/A       100%        3
 Teleport Other           Tloc           0%         N/A       100%        3
 Flame Wave               Conj/Fire      0%         2d4       100%        4
 Leda's Liquefaction      Hex/Erth       0%         N/A       100%        4
 Lightning Bolt           Conj/Air       0%         1d11      100%        5
 Dispersal                Tloc           0%         N/A       100%        6
 Summon Cactus Giant      Summ           0%         N/A       100%        6
 Maxwell's Capacitive Co  Air            0%         ∞         100%        8


Dungeon Overview and Level Annotations

Branches:
Dungeon (6/15)
 Temple: D:4-7

Altars:
Elyvilon
Nemelex Xobeh
Okawaru
Qazlal
Trog
Vehumet
Zin
The Shining One

Shops:
D:5 [

Annotations:
D:6 Duvessa


Innate Abilities, Weirdness & Mutations

You have a pair of horns on your head.
You reflexively headbutt those who attack you in melee.


Message History

Found a scale mail.
Duvessa and Dowan come into view.
Dowan is wielding a +0 dagger and wearing a +2 robe of willpower.
Duvessa shouts!
Dowan shouts!
You hear a bark!
You barely miss Dowan. Dowan barely misses you. You furiously retaliate!
You headbutt Dowan, but do no damage. You sock Dowan! You burn Dowan.
Dowan is severely wounded.
Dowan points at Duvessa and mumbles some strange words.
Duvessa seems to speed up.
You thump Dowan! You burn Dowan.
You kill Dowan!
Duvessa screams in rage.
Duvessa goes berserk!
Duvessa hits you with a +3 rapier!
You sock Duvessa! You burn Duvessa. Your headbutt misses Duvessa.
Duvessa is lightly wounded.
Duvessa hits you with a +3 rapier.
You closely miss Duvessa.
Duvessa is lightly wounded.
Duvessa hits you but does no damage. Duvessa hits you with a +3 rapier.
You hit Duvessa. You burn Duvessa.
Duvessa is moderately wounded.
Duvessa hits you with a +3 rapier!! Duvessa hits you with a +3 rapier!
* * * LOW HITPOINT WARNING * * *
You sock Duvessa! You burn Duvessa.
Duvessa is heavily wounded.
Duvessa hits you with a +3 rapier.
* * * LOW HITPOINT WARNING * * *
You feel better. Duvessa hits you with a +3 rapier!
* * * LOW HITPOINT WARNING * * *
Duvessa hits you with a +3 rapier!
* * * LOW HITPOINT WARNING * * *
Okay, then.
You can't see any enemies this would affect, really read the scroll of fear?
Okay, then.
Okay, then.
It was a potion of invisibility.
You fade into invisibility!
Duvessa hits you with a +3 rapier!
You die...

#.# #.#
#.####.###
#.##.....#
#.##.### ##
#....# ..
####.###.#
#...>.#
####...###.
#.@........#
#e##...#####
#. ##.## #.
.# .. .> ..
.[. ##. ..##
#.


You could see Duvessa (berserk, fast, unable to see you).

Vanquished Creatures
  A phantom (D:4)
  2 necrophages (D:5)
  2 scorpions (D:4)
  A bullfrog (D:5)
  Dowan (D:6)
  A howler monkey (D:4)
  2 hounds
  Crazy Yiuf (D:4)
  2 jellies
  4 iguanas
  An orc wizard (D:6)
  14 adders
  A white imp (D:6)
  An ufetubus (D:4)
  A worm (D:2)
  A dart slug (D:2)
  5 orcs
  8 endoplasms
  5 giant cockroaches
  5 goblins
  10 hobgoblins
  9 jackals
  3 kobolds
  4 quokkas
  4 ball pythons
  2 bats
  3 frilled lizards
  A rat (D:3)
95 creatures vanquished.

Vanquished Creatures (others)
  2 fungi (D:4)
  A plant (D:2)
3 creatures vanquished.

Grand Total: 98 creatures vanquished

Notes
Turn   | Place    | Note
-------+----------+-------------------------------------------
     0 | D:1      | cowcol the Minotaur Monk began the quest for the Orb.
     0 | D:1      | Reached XP level 1. HP: 19/19 MP: 0/0
   238 | D:1      | Reached skill level 1 in Armour
   238 | D:1      | Reached XP level 2. HP: 15/27 MP: 1/1
   855 | D:2      | Reached XP level 3. HP: 33/33 MP: 2/2
   939 | D:2      | Reached skill level 2 in Armour
  1388 | D:2      | Reached XP level 4. HP: 40/40 MP: 3/3
  1413 | D:2      | Identified the +3 whip "Jorr" {protect, rC- rN+ Will+
                  | Int+6}
  2192 | D:3      | Found a radiant altar of Vehumet.
  2355 | D:3      | Reached skill level 3 in Armour
  2435 | D:3      | Found a stormy altar of Qazlal.
  2533 | D:3      | Identified the +7 quarterstaff of Ykiywun {flame, Dex+2}
  2573 | D:3      | Reached XP level 5. HP: 47/47 MP: 4/4
  2878 | D:3      | Found a faded altar of an unknown god.
  3247 | D:4      | Reached skill level 1 in Staves
  3247 | D:4      | Reached skill level 4 in Armour
  3313 | D:4      | Reached XP level 6. HP: 53/53 MP: 5/5
  3335 | D:4      | Reached skill level 5 in Axes
  3335 | D:4      | Reached skill level 5 in Armour
  3575 | D:4      | Found an iron altar of Okawaru.
  4480 | D:4      | Reached XP level 7. HP: 60/60 MP: 6/6
  4644 | D:4      | Found a runed translucent door.
  4645 | D:4      | Noticed Crazy Yiuf
  4650 | D:4      | Killed Crazy Yiuf
  4965 | D:5      | Entered Level 5 of the Dungeon
  5006 | D:5      | Found Ushromn's Armour Emporium.
  5228 | D:5      | Reached skill level 6 in Armour
  5619 | D:5      | Found a sparkling altar of Nemelex Xobeh.
  5619 | D:5      | Found a bloodstained altar of Trog.
  6021 | D:5      | Found a white marble altar of Elyvilon.
  6021 | D:5      | Found a glowing silver altar of Zin.
  6022 | D:5      | Found a glowing golden altar of the Shining One.
  6172 | D:5      | Reached skill level 7 in Armour
  6409 | D:6      | Noticed Duvessa
  6409 | D:6      | Noticed Dowan
  6412 | D:6      | Killed Dowan
  6417 | D:6      | HP: 2/60 [Duvessa/+3 rapier (8)]
  6418 | D:6      | Mangled by Duvessa

Illustrated notes

Levels and vault maps discovered:
D:1:      dpeg_arrival_round_a, layout_basic
D:2:      layout_loops_ring, serial_bayou_crossing
D:3:      layout_loops_cross, nicolae_qazlal_eye_of_the_storm,
          nicolae_overflow_crystal_walls,
          dreamdust_ecumenical_altar_angels_and_demons, nicolae_titane
D:4:      layout_rooms, okawaru_ov_weapons_minmay, uniq_crazy_yiuf_cottage
D:5:      layout_loops_corners, good_gods_temple_1,
          gammafunk_temple_overflow_pools, kennysheep_windowed_goal
D:6:      layout_loops_ring, uniq_duvessa

Skill      XL: |  1  2  3  4  5  6  7 |
---------------+----------------------+-----
Armour         | 1 2 3 4 5 7 |  7.4
Fighting       | 4 |  4.5
Axes           | 4 5 6 |  6.0
Dodging        | 4 |  4.4
Staves         | 1 2 3 |  3.9
Maces & Flails | |  0.2
Throwing       | |  0.4
Stealth        | |  1.8

Action                   |  1- 3 |  4- 6 |  7- 9 || total
-------------------------+-------+-------+-------++-------
Melee: Hand axe          |    80 |       |       ||    80
       Headbutt          |     9 |     9 |    11 ||    29
       Punch             |     1 |       |       ||     1
       Whip              |       |    41 |       ||    41
       Quarterstaff      |       |    41 |    58 ||    99
Throw: Stone             |    10 |       |       ||    10
       Dart              |       |     3 |     2 ||     5
  Use: Scroll            |     5 |     5 |       ||    10
       Potion            |       |     2 |     2 ||     4
Armor: Scale mail        |    40 |    34 |       ||    74
       Robe              |     1 |       |       ||     1
       Plate armour      |       |     4 |    34 ||    38
Dodge: Dodged            |    49 |    45 |    18 ||   112
